 Dungeon Crawl Stone Soup version 0.26.0-10-g1f06aea511 (webtiles) character file.

Game seed: 3445421535175857743

54 MisterFreud the Slasher (level 3, 0/31 HPs)
             Began as a Minotaur Berserker on Jan 15, 2021.
             Was a Believer of Trog.
             Slain by Grinder (10 damage)
             ... on level 3 of the Dungeon.
             The game lasted 00:01:25 (1996 turns).

MisterFreud the Slasher (Minotaur Berserker)        Turns: 1996, Time: 00:01:25

Health: 0/31       AC:  2    Str: 21    XL:     3   Next: 66%
Magic:  2/2        EV: 12    Int:  5    God:    Trog [**....]
Gold:   70         SH:  0    Dex:  9    Spells: 2/2 levels left

rFire    . . .     SeeInvis .   a - +0 falchion
rCold    . . .     Faith    .   (no shield)
rNeg     . . .     Spirit   .   b - +0 animal skin
rPois    .         Reflect  .   (helmet restricted)
rElec    .         Harm     .   (no cloak)
rCorr    .         Rampage  .   (no gloves)
Will     ++...                  (no boots)
Stlth    +.........             (no amulet)
HPRegen  1.10/turn              (no ring)
MPRegen  0.08/turn              (no ring)

@: berserk cooldown, regenerating, slowed, very slow
A: retaliatory headbutt, horns 2
a: Renounce Religion, Berserk, Trog's Hand


You were on level 3 of the Dungeon.
You worshipped Trog.
Trog was pleased with you.
You visited 1 branch of the dungeon, and saw 3 of its levels.

You collected 70 gold pieces.

Inventory:

Hand Weapons
 a - a +0 falchion (weapon)
Missiles
 i - 25 poisoned darts
Armour
 b - a +0 animal skin (worn)
Jewellery
 h - an uncursed amulet of reflection {unknown}
Scrolls
 d - 3 scrolls of noise {unknown}
 e - 3 scrolls of remove curse {unknown}
 g - 4 scrolls of identify {unknown}
 j - a scroll of teleportation {unknown}
Potions
 c - 2 potions of cancellation {unknown}
 f - a potion of berserk rage {unknown}
 k - a potion of might {unknown}


   Skills:
 - Level 3.6 Fighting
 + Level 5.7 Long Blades
 - Level 2.4 Armour
 - Level 2.1 Dodging


You had 2 spell levels left.
You didn't know any spells.
Your spell library was empty.

Dungeon Overview and Level Annotations

Branches:
Dungeon (3/15)

Altars:

Annotations:
D:3 Grinder


Innate Abilities, Weirdness & Mutations

You reflexively headbutt those who attack you in melee.
You have a pair of horns on your head.


Message History

You see here a rat corpse.
You feel the effects of Trog's Hand fading.
Grinder gestures at you. You resist with almost no effort.
Your skin stops crawling.
You feel less strong-willed.
Grinder blinks!
Grinder gestures at you. Pain shoots through your body!
You barely miss Grinder.
Grinder is lightly wounded.
Grinder hits you.
You writhe in agony.
* * * LOW HITPOINT WARNING * * *
Unknown command.
Unknown command.
Unknown command.
Your skin crawls.
You feel strong-willed. Grinder gestures at you.
You resist with almost no effort. Grinder hits you!
You die...

... .# #.# .#
#.#####.#
#.......# #
###.###.####.#
##.
..........5.#
#..
###.###.####.#.#
#.#####.####
#..5@......#
#######.##.#
........# #
#######.# #....#
#.#### #.# #.#
#.# .#


You could see Grinder.

Vanquished Creatures
  An adder (D:2)
  2 leopard geckos
  An orc (D:3)
  A giant cockroach (D:1)
  5 goblins
  8 hobgoblins
  4 jackals (D:2)
  3 kobolds
  A ball python (D:3)
  3 bats
  A frilled lizard (D:1)
  9 rats
39 creatures vanquished.

Notes
Turn   | Place    | Note
-------+----------+-------------------------------------------
     0 | D:1      | MisterFreud the Minotaur Berserker began the quest for the
                  | Orb.
     0 | D:1      | Reached XP level 1. HP: 19/19 MP: 0/0
   203 | D:1      | Reached skill level 4 in Long Blades
   313 | D:1      | Reached XP level 2. HP: 14/26 MP: 1/1
   894 | D:2      | Reached skill level 5 in Long Blades
   954 | D:2      | Reached XP level 3. HP: 14/31 MP: 2/2
  1184 | D:2      | Reached ** piety under Trog
  1966 | D:3      | Noticed Grinder
  1966 | D:3      | Paralysed by Grinder for 7 turns
  1996 | D:3      | Slain by Grinder

Illustrated notes

Levels and vault maps discovered:
D:1:      dpeg_arrival_shrine, layout_loops_ring, minmay_misc_feat_room
D:2:      layout_basic
D:3:      layout_loops_ring, nicolae_overflow_hidden_temple,
          chequers_temple_overflow_statue_of_worship, uniq_ijyb, uniq_grinder

Skill      XL: |  1  2 |
---------------+-------+-----
Long Blades    | 4 5 |  5.7
Fighting       | |  3.6
Armour         | |  2.4
Dodging        | |  2.1

Action                   || total
-------------------------++-------
Melee: Falchion          ||    76
       Headbutt          ||    18
Invok: Trog's Hand       ||     2
       Berserk           ||     1
Armor: Animal skin       ||     7
Dodge: Dodged            ||    47
       Rpst.: Falchion   ||     9
